 Dungeon Crawl Stone Soup version 0.28-a0-519-gbfeecf2fc5 (webtiles) character file.

Game seed: 9053041480796260027

186 chris0x the Sneak (level 5, 0/33 HPs)
             Began as a Gargoyle Delver on Sept 23, 2021.
             Was a Believer of Wu Jian.
             Slain by a gnoll (2 damage)
             ... on level 3 of the Dungeon.
             The game lasted 00:07:54 (3379 turns).

chris0x the Sneak (Gargoyle Delver)                 Turns: 3379, Time: 00:07:55

Health: 0/33       AC:  9    Str: 17    XL:     5   Next: 66%
Magic:  6/6        EV: 11    Int: 10    God:    Wu Jian [**....]
Gold:   90         SH:  0    Dex: 11    Spells: 4/6 levels left

rFire   . . .      SeeInvis .   a - +0 mace
rCold   . . .      Faith    .   (no shield)
rNeg    + . .      Spirit   .   b - +0 leather armour
rPois   ∞          Reflect  .   (no helmet)
rElec   +          Harm     .   p - +1 cloak
rCorr   .          Rampage  .   (no gloves)
Will    .....                   (no boots)
Stlth   +++.......              (no amulet)
HPRegen 0.11/turn               (no ring)
MPRegen 0.10/turn               (no ring)

@: no status effects
A: sickness immunity, AC +4, negative energy resistance 1, electricity
resistance, torment resistance 1, petrification resistance
a: Renounce Religion, Wall Jump


You were on level 3 of the Dungeon.
You worshipped Wu Jian.
Wu Jian was pleased with you.
You visited 1 branch of the dungeon, and saw 5 of its levels.

You collected 90 gold pieces.

Inventory:

Hand Weapons
 a - a +0 mace (weapon)
Missiles
 h - 51 stones (quivered)
 q - 20 bolts
 r - 45 arrows
Armour
 b - a +0 leather armour (worn)
 p - a +1 cloak (worn)
 s - a +0 chain mail
 t - a +0 plate armour
Jewellery
 j - a ring of fire
Wands
 g - a wand of digging (3)
 k - a wand of mindburst (5)
Scrolls
 c - a scroll of fog
 d - a scroll of magic mapping
 e - a scroll of fear
Potions
 f - 2 potions of haste
 i - a potion of lignification
 l - a potion of curing
 m - a potion of resistance {unknown}
 n - a potion of degeneration {unknown}


   Skills:
 * Level 4.0 Fighting
 * Level 2.8 Maces & Flails
 * Level 1.9 Armour
 + Level 2.0 Dodging
 * Level 6.3 Stealth
 * Level 1.1 Spellcasting
 + Level 0.5 Hexes
 + Level 0.5 Ice Magic
 + Level 0.8 Evocations


You had 4 spell levels left.
You knew the following spells:

 Your Spells              Type           Power      Damage    Failure   Level
a - Ensorcelled Hibernat  Hex/Ice        2%         N/A       45%         2

Your spell library contained the following spells:

 Spells                   Type           Power      Damage    Failure   Level
 Tukima's Dance           Hex            1%         N/A       69%         3


Dungeon Overview and Level Annotations

Branches:
Dungeon (5/15)
 Temple: D:4-7

Altars:
Cheibriados
Wu Jian
Xom

Annotations:
D:5 Dowan


Innate Abilities, Weirdness & Mutations

You are immune to sickness and miasma.
Your stone body is resilient. (AC +4)
You are immune to poison.
You resist negative energy. (rN+)
You are resistant to electric shocks. (rElec)
You are resistant to unholy torment.
You are immune to petrification.


Message History

You see here a +0 short sword.
A gnoll comes into view. It is wielding a +0 spear.
The gnoll shouts! x2
A gnoll comes into view. It is wielding a +0 war axe.
You hear a shout!
A gnoll comes into view. It is wielding a +0 whip.
Throw: 51 stones
Press: ? - help, Q - select action, (/) - cycle Shift-Dir - straight line, f - gnoll
Aim: a gnoll, wielding a +0 spear (61% to hit)
Okay, then.
The gnoll hits you but does no damage.
You lunge at the gnoll.
You barely miss the gnoll. The gnoll hits you with a +0 spear.
You hit the gnoll.
The gnoll is moderately wounded.
The gnoll barely misses you.
You hit the gnoll.
The gnoll is severely wounded.
The gnoll closely misses you. The gnoll barely misses you.
You sock the gnoll!
You kill the gnoll!
The Council accepts your kill.
Your Dodging skill increases to level 2!
You hit the gnoll but do no damage.
The gnoll hits you with a +2 vorpal flail!
The gnoll hits you with a +2 vorpal flail.
You barely miss the gnoll. The gnoll barely misses you.
You completely miss the gnoll. The gnoll hits you but does no damage.
You closely miss the gnoll. The gnoll hits you but does no damage.
You closely miss the gnoll. The gnoll hits you but does no damage.
The gnoll barely misses you.
You hit the gnoll.
The gnoll is heavily wounded.
The gnoll hits you with a +2 vorpal flail!
* * * LOW HITPOINT WARNING * * *
x2 You sock the gnoll!
The gnoll is almost dead.
The gnoll hits you with a +2 vorpal flail.
* * * LOW HITPOINT WARNING * * *
You die...

#....# ##.#..............
###....# ##..#..............
.......## #..?#..............
#.......# ##..##..............
#.......######...###............#
..#...>........#.# ##...........#
.##..........###.# ####........#
##...........# #.# #.#......#
#...........# #@# #........#
#####......## #g# ##........#
#....#...##g######.........#
#..#.###....#.......########
####..#..####.....)...##
##..<..##...###........#
#.......##.......##....#
#........#......###....#
#.........._8_..# #....#


You could see 2 gnolls.

Vanquished Creatures
  A water moccasin zombie (D:3)
  An iguana (D:3)
  A killer bee zombie (D:3)
  A gnoll (D:3)
  An adder (D:3)
  A worm (D:2)
  A dart slug (D:2)
  6 ball pythons
  7 endoplasms
  5 giant cockroaches
  2 goblins
  6 hobgoblins
  2 quokkas
  5 bats
  5 frilled lizards
  10 kobolds
  6 rats (D:1)
61 creatures vanquished.

Notes
Turn   | Place    | Note
-------+----------+-------------------------------------------
     0 | D:5      | chris0x the Gargoyle Delver began the quest for the Orb.
     0 | D:5      | Reached XP level 1. HP: 14/14 MP: 1/1
     4 | D:5      | Noticed Dowan
    10 | D:5      | Noticed a hound
    75 | D:3      | Found a snail-covered altar of Cheibriados.
   101 | D:3      | Found a shimmering altar of Xom.
   188 | D:1      | Reached XP level 2. HP: 13/19 MP: 2/2
   745 | D:1      | Found a faded altar of an unknown god.
   763 | D:1      | Became a worshipper of the Wu Jian Council
   763 | D:1      | Reached * piety under Wu Jian
  1166 | D:1      | Reached XP level 3. HP: 23/23 MP: 3/3
  1386 | D:1      | Reached skill level 6 in Stealth
  2352 | D:2      | Reached ** piety under Wu Jian
  2353 | D:2      | Reached skill level 1 in Armour
  2363 | D:2      | Reached XP level 4. HP: 18/29 MP: 4/4
  2407 | D:2      | Learned a level 2 spell: Ensorcelled Hibernation
  2842 | D:3      | Reached skill level 1 in Spellcasting
  2842 | D:3      | Reached XP level 5. HP: 20/33 MP: 4/6
  3379 | D:3      | Slain by a gnoll

Illustrated notes

Levels and vault maps discovered:
D:1:      nzn_arrival_crosshair, layout_basic, basic_ecumenical_altar,
          st_stairs_2, corexii_corridor_pit, chequers_serial_rivers_room_b,
          hex_tiny
D:2:      layout_basic
D:3:      layout_rooms, minitemple, chequers_temple_overflow_statue_of_worship
D:4:      old_forge, layout_basic, temple_doors_e, serial_glass,
          glass_columns_b, glass_columns_b, glass_columns_a, glass_columns_b,
          glass_columns_c, glass_columns_a
D:5:      layout_rooms, uniq_sigmund, uniq_duvessa

Skill      XL: |  1  2  3  4  5 |
---------------+----------------+-----
Stealth        | 6 |  6.3
Armour         | 1 |  1.9
Spellcasting   | 1 |  1.1
Fighting       | 4 |  4.0
Dodging        | 2 |  2.0
Maces & Flails | |  2.8
Hexes          | |  0.5
Ice Magic      | |  0.5
Evocations     | |  0.8

Action                   |  1- 3 |  4- 6 || total
-------------------------+-------+-------++-------
Melee: Mace              |   160 |    79 ||   239
Throw: Stone             |    12 |       ||    12
Invok: Whirlwind         |    18 |     8 ||    26
       Lunge             |     9 |     6 ||    15
 Abil: Wall Jump         |       |     1 ||     1
Evoke: Wand              |       |     1 ||     1
  Use: Scroll            |     4 |     1 ||     5
       Potion            |       |     2 ||     2
 Stab: Sleeping          |    12 |       ||    12
Armor: Leather armour    |    67 |    46 ||   113
Dodge: Dodged            |   114 |    51 ||   165

Table legend: (Time is in decaauts)
 A = Elapsed time spent in this place.
 B = Non-inter-level travel time spent in this place.
 C = Inter-level travel time spent in this place.
 D = Time resting spent in this place.
 E = Time spent auto-exploring this place.
 F = Levels seen in this place.
 G = Mean time per level.
                   A        B        C        D        E       F      G
               +--------+--------+--------+--------+--------+-----+--------+
         Total |   3441 |   3421 |     20 |    890 |   1651 |   5 |  688.2 |
       Dungeon |   3441 |   3421 |     20 |    890 |   1651 |   5 |  688.2 |
               +--------+--------+--------+--------+--------+-----+--------+

Top non-repeatable levels by time:
     D:1: 1719 daAuts
     D:3: 842 daAuts
     D:2: 804 daAuts
     D:4: 59 daAuts
     D:5: 16 daAuts
